 Dungeon Crawl Stone Soup version 0.24-a0-447-ge8da9206dc (webtiles) character file.

Game seed: 8553863332132024529

20248 JellyEater the Geomancer (level 12, -4/73 HPs)
             Began as a Gargoyle Earth Elementalist on June 25, 2019.
             Was an Elder of Vehumet.
             Slain by a cyclops (24 damage)
             ... on level 13 of the Dungeon.
             The game lasted 00:32:29 (15481 turns).

JellyEater the Geomancer (GrEE)                    Turns: 15481, Time: 00:32:29

Health: -4/73      AC: 17    Str: 16    XL:     12   Next: 77%
Magic:  20/24      EV: 14    Int: 21    God:    Vehumet [****..]
Gold:   1214       SH:  4    Dex: 10    Spells: 15/27 levels left

rFire    + . .     SeeInvis .   n - +5 morningstar (venom)
rCold    + . .     Gourm    .   (no shield)
rNeg     + . .     Faith    .   i - +2 robe {rC+}
rPois    ∞         Spirit   .   y - +1 hat
rElec    +         Reflect  +   g - +2 cloak
rCorr    .         Harm     .   (no gloves)
MR       .....                  (no boots)
Stlth    ++........             M - +4 amulet of reflection
HPRegen  0.22/turn              e - +4 ring of strength
MPRegen  0.19/turn              f - ring of protection from fire

@: no status effects
A: negative energy resistance 1, electricity resistance, unbreathing,
petrification resistance, rot immunity, AC +8
a: Renounce Religion


You were on level 13 of the Dungeon.
You worshipped Vehumet.
Vehumet was greatly pleased with you.
You were not hungry.

You visited 2 branches of the dungeon, and saw 14 of its levels.
You also visited: Sewer.

You collected 1214 gold pieces.

Inventory:

Hand Weapons
 n - a +5 morningstar of venom (weapon)
 q - a +3 quarterstaff of speed
 B - the +9 dagger "Lym Fieh" {flame, -Tele rF+ Int+6}
   (You found it on level 9 of the Dungeon)

   It has been specially enchanted to burn those struck by it, causing extra
   injury to most foes and up to half again as much damage against particularly
   susceptible opponents.
   It affects your intelligence (+6).
   It protects you from fire.
   It prevents most forms of teleportation.
 E - a +0 morningstar
 F - a +2 whip of electrocution
Missiles
 b - 125 stones (quivered)
 v - 39 poisoned darts
Armour
 g - a +2 cloak (worn)
 i - a +2 robe of cold resistance (worn)
 p - a scarf of repulsion
 y - a +1 hat (worn)
 N - a +0 helmet
Jewellery
 e - a +4 ring of strength (left hand)
 f - a ring of protection from fire (right hand)
 m - a +2 ring of evasion
 M - a +4 amulet of reflection (around neck)
Wands
 c - a wand of scattershot (3)
 o - a wand of iceblast (5)
 D - a wand of polymorph (20)
 J - a wand of paralysis (3)
 K - a wand of random effects (11)
Scrolls
 a - 2 scrolls of amnesia
 h - 2 scrolls of teleportation
 j - 9 scrolls of remove curse
 C - a scroll of fear
 G - 3 scrolls of magic mapping
 I - a scroll of blinking
Potions
 k - a potion of haste
 l - a potion of cancellation
 r - 2 potions of might
 s - 4 potions of flight
 t - 2 potions of curing
 u - 4 potions of brilliance
 w - 3 potions of magic
 x - 4 potions of berserk rage {unknown}
 z - a potion of resistance {unknown}
 A - 2 potions of agility {unknown}
 H - 2 potions of lignification {unknown}
Comestibles
 d - 15 rations
 L - 6 chunks of flesh


   Skills:
 + Level 7.8 Fighting
 + Level 7.2 Maces & Flails
 - Level 6.0 Armour
 + Level 6.2 Dodging
 - Level 2.1 Stealth
 + Level 8.4 Spellcasting
 + Level 9.4 Conjurations
   Level 0.7 Transmutations
 + Level 11.1 Earth Magic
 + Level 3.9 Evocations


You had 15 spell levels left.
You knew the following spells:

 Your Spells              Type           Power        Failure   Level  Hunger
a - Sandblast             Erth           ######       1%          1    None
b - Stone Arrow           Conj/Erth      ######       1%          3    None
c - Lee's Rapid Deconstr  Erth           ######....   1%          5    #####..
d - Dazzling Spray        Conj/Hex       ####..       1%          3    None

Your spell library contained the following spells:

 Spells                   Type           Power        Failure   Level  Hunger
 Yara's Violent Unravell  Hex/Tmut       ##........   41%         5    #####..
 Passwall                 Tmut/Erth      ####....     1%          2    None
 Beastly Appendage        Tmut           ##....       6%          1    None
 Petrify                  Tmut/Erth      ####....     7%          4    ###....
 Sticks to Snakes         Tmut           ##......     9%          2    None
 Spider Form              Tmut/Pois      ##........   21%         3    None
 Ice Form                 Ice/Tmut       ##......     54%         4    ###....
 Blade Hands              Tmut           ##........   85%         5    #####..


Dungeon Overview and Level Annotations

Branches:
Dungeon (13/15)            Temple (1/1) D:7            Lair (0/6) D:11
    Orc (0/2) D:11
 Vaults: D:13-14

Altars:
Ashenzari
Cheibriados
Dithmenos
Elyvilon
Fedhas
Gozag
Hepliaklqana
Kikubaaqudgha
Makhleb
Nemelex Xobeh
Okawaru
Qazlal
Ru
Sif Muna
Trog
Uskayaw
Vehumet
Wu Jian
Xom
Yredelemnul
Zin

Shops:
D:9 (


Innate Abilities, Weirdness & Mutations

You are resistant to torment.
Your stone body is resilient. (AC +8)
You are immune to poison.
You resist negative energy. (rN+)
You are resistant to electric shocks. (rElec)
You can survive without breathing.
You are immune to petrification.
You are immune to rotting.


Message History

b - 127 stones The cyclops barely misses you.
Casting: Sandblast (safe; 1% risk of failure)
Confirm with . or Enter, or press ? or * to list all spells.
Aiming: Sandblast (safe; 1% risk of failure)
Press: ? - help, Shift-Dir - straight line, f/p - cyclops
Aim: a cyclops (moderately wounded)
The blast of sand hits the cyclops.
The cyclops is moderately wounded.
b - 126 stones
Casting: Sandblast (safe; 1% risk of failure)
Confirm with . or Enter, or press ? or * to list all spells.
Aiming: Sandblast (safe; 1% risk of failure)
Press: ? - help, Shift-Dir - straight line, f/p - cyclops
Aim: a cyclops (moderately wounded)
The blast of sand hits the cyclops!!
The cyclops is severely wounded.
b - 125 stones The cyclops hits you!!
You die...

#..............#
#..............#
#........<.....#
###......#####'#
###+###
#......##....##.......
#.............#.....
#.............#...#
#..........>..#...#
#............(@C..#
#+#######.....#...#
#......##.....#.......
#......##.....#.......
#......##.....########
#..............#
#.......)......#
#..............# .....
#..............#
#......


You could see a cyclops.

Vanquished Creatures
  Gastronok (D:9)
  Erolcha (D:11)
  Erica (D:9)
  4 two-headed ogres
  An unseen horror (D:12)
  A wizard (D:10)
  An ugly thing (D:11)
  3 cyclopes
  2 manticores
  Psyche (D:12)
  A gargoyle (D:13)
  4 trolls
  Prince Ribbit (D:9)
  Grinder (Sewer)
  2 hippogriffs
  A wraith (D:11)
  6 yaks (D:12)
  2 wyverns
  6 hungry ghosts
  Grum (D:9)
  Edmund (D:4)
  2 water moccasins
  A soldier ant (D:12)
  Duvessa (D:7)
  2 porcupines
  A black bear (D:11)
  3 orc warriors
  4 phantoms
  3 sky beasts
  4 ice beasts
  6 wolves
  4 ogres
  4 centaurs
  5 crocodiles
  5 bullfrogs
  2 big kobolds
  A gnoll sergeant (D:10)
  A wyvern skeleton (D:12)
  A water moccasin zombie (D:8)
  A water moccasin skeleton (D:10)
  2 scorpions
  Dowan (D:7)
  9 killer bees
  4 wights
  A howler monkey (D:11)
  3 crimson imps
  3 jellies
  A quasit (D:5)
  9 orc priests
  11 orc wizards
  5 hounds
  3 centaur skeletons
  6 iguanas
  Natasha (thrice) (D:4)
  8 worker ants
  3 big kobold zombies (Sewer)
  A hound skeleton (D:9)
  2 worker ant zombies
  8 gnolls
  10 adders
  5 shadow imps
  3 ufetubi (Sewer)
  An ooze (Sewer)
  2 worms (D:2)
  5 dart slugs
  7 leopard geckos
  36 orcs
  2 ball pythons (Sewer)
  6 bats
  6 giant cockroaches
  9 hobgoblins
  2 jackals (D:9)
  27 kobolds
  3 quokkas
  5 frilled lizards
  2 goblins
  2 kobold zombies (Sewer)
  A leopard gecko zombie (D:6)
  13 rats
323 creatures vanquished.

Vanquished Creatures (others)
  A fungus (D:11)
1 creature vanquished.

Grand Total: 324 creatures vanquished

Notes
Turn   | Place    | Note
-------+----------+-------------------------------------------
     0 | D:1      | JellyEater the Gargoyle Earth Elementalist began the quest
                  | for the Orb.
     0 | D:1      | Reached XP level 1. HP: 10/10 MP: 3/3
   235 | D:1      | Reached XP level 2. HP: 10/15 MP: 3/5
   338 | D:1      | Reached skill level 4 in Earth Magic
   639 | D:1      | Reached XP level 3. HP: 19/19 MP: 6/6
   644 | D:1      | Learned a level 3 spell: Stone Arrow
   960 | D:2      | Noticed an ice beast
   962 | D:2      | Killed an ice beast
   962 | D:2      | Reached skill level 5 in Earth Magic
   962 | D:2      | Reached XP level 4. HP: 24/24 MP: 5/8
   962 | D:2      | Reached XP level 5. HP: 28/28 MP: 5/9
   969 | D:2      | Learned a level 5 spell: Lee's Rapid Deconstruction
  1374 | D:2      | Found a white marble altar of Elyvilon.
  1870 | D:3      | Found a glowing drain.
  1877 | Sewer    | Entered a sewer
  2178 | Sewer    | Reached XP level 6. HP: 23/32 MP: 11/11
  2444 | Sewer    | Found an ancient bone altar of Kikubaaqudgha.
  2524 | Sewer    | Reached skill level 6 in Earth Magic
  2806 | Sewer    | Noticed a phantom
  2840 | Sewer    | Killed a phantom
  2840 | Sewer    | Reached XP level 7. HP: 21/36 MP: 6/13
  3004 | Sewer    | Noticed Grinder
  3014 | Sewer    | Paralysed by Grinder for 2 turns
  3017 | Sewer    | Killed Grinder
  4072 | D:4      | Reached skill level 7 in Earth Magic
  4206 | D:4      | Reached skill level 5 in Spellcasting
  4242 | D:4      | Found a snail-covered altar of Cheibriados.
  4244 | D:4      | Found a sacrificial altar of Ru.
  4247 | D:4      | Found a deep blue altar of Sif Muna.
  4256 | D:4      | Reached XP level 8. HP: 35/41 MP: 15/15
  4316 | D:4      | Reached skill level 5 in Conjurations
  4334 | D:4      | Noticed Edmund
  4356 | D:4      | Killed Edmund
  4453 | D:4      | Noticed a moth of wrath
  4454 | D:4      | Noticed Natasha
  4455 | D:4      | Killed Natasha
  4497 | D:4      | Reached skill level 1 in Fighting
  4498 | D:4      | Reached skill level 1 in Armour
  4533 | D:4      | Reached skill level 1 in Maces & Flails
  4960 | D:4      | Noticed Natasha
  4962 | D:4      | Killed Natasha
  5039 | D:4      | Noticed Natasha
  5040 | D:4      | Killed Natasha
  5089 | D:4      | Found a bloodstained altar of Trog.
  5278 | D:5      | Entered Level 5 of the Dungeon
  5776 | D:5      | Reached XP level 9. HP: 33/49 MP: 1/17
  6315 | D:6      | Reached skill level 8 in Earth Magic
  7036 | D:7      | Found a staircase to the Ecumenical Temple.
  7047 | Temple   | Entered the Ecumenical Temple
  7108 | Temple   | Became a worshipper of Vehumet
  7345 | D:7      | Found a shadowy altar of Dithmenos.
  7444 | D:7      | Noticed Dowan
  7453 | D:7      | Noticed Duvessa
  7458 | D:7      | Killed Dowan
  7459 | D:7      | Killed Duvessa
  7847 | D:7      | Reached XP level 10. HP: 44/56 MP: 16/19
  8591 | D:8      | Identified a scroll of acquirement
  8703 | D:8      | Reached * piety under Vehumet
  8703 | D:8      | Offered knowledge of Flame Tongue by Vehumet.
  8957 | D:8      | Found a basalt altar of Yredelemnul.
  9127 | D:9      | Noticed Prince Ribbit
  9138 | D:9      | Killed Prince Ribbit
  9138 | D:9      | Reached skill level 9 in Earth Magic
  9212 | D:9      | Noticed Grum
  9223 | D:9      | Killed Grum
  9349 | D:9      | Noticed Gastronok
  9373 | D:9      | Killed Gastronok
  9373 | D:9      | Reached skill level 5 in Fighting
  9373 | D:9      | Reached skill level 5 in Maces & Flails
  9373 | D:9      | Reached skill level 5 in Armour
  9429 | D:9      | Found Woutres's Weapon Shoppe.
  9530 | D:9      | Noticed Erica
  9537 | D:9      | Killed Erica
  9537 | D:9      | Reached XP level 11. HP: 43/64 MP: 5/21
  9541 | D:9      | Noticed a manticore
  9553 | D:9      | Killed a manticore
 10090 | D:9      | Found a glowing silver altar of Zin.
 10240 | D:9      | Got an encrusted dagger
 10241 | D:9      | Identified the +9 dagger "Lym Fieh" {flame, -Tele rF+
                  | Int+6} (You found it on level 9 of the Dungeon)
 10355 | D:10     | Entered Level 10 of the Dungeon
 10612 | D:10     | Reached ** piety under Vehumet
 10612 | D:10     | Offered knowledge of Freeze by Vehumet.
 10994 | D:10     | Reached skill level 5 in Dodging
 11084 | D:10     | Noticed a two-headed ogre
 11090 | D:10     | Killed a two-headed ogre
 11090 | D:10     | Reached skill level 10 in Earth Magic
 11557 | D:10     | Noticed a wizard
 11566 | D:10     | Killed a wizard
 11566 | D:10     | Reached skill level 1 in Evocations
 11697 | D:10     | You fall into a shaft and drop 2 floors!
 11706 | D:12     | Noticed a cyclops
 11745 | D:11     | Found a staircase to the Lair.
 11760 | D:11     | Noticed Erolcha
 11761 | D:11     | Offered knowledge of Dazzling Spray by Vehumet.
 11764 | D:11     | Noticed a purple ugly thing
 11871 | D:10     | Reached *** piety under Vehumet
 12260 | D:10     | Learned a level 3 spell: Dazzling Spray
 12416 | D:11     | Killed a purple ugly thing
 12497 | D:11     | Killed Erolcha
 12831 | D:11     | Noticed a cyclops
 12839 | D:11     | Killed a cyclops
 13133 | D:11     | Found a staircase to the Orcish Mines.
 13178 | D:11     | Reached XP level 12. HP: 31/71 MP: 23/23
 13577 | D:12     | Offered knowledge of Force Lance by Vehumet.
 13965 | D:12     | Noticed a two-headed ogre
 13969 | D:12     | Killed a two-headed ogre
 13990 | D:12     | Noticed a two-headed ogre
 13998 | D:12     | Killed a two-headed ogre
 14122 | D:12     | Noticed Psyche
 14128 | D:12     | Killed Psyche
 14541 | D:12     | Reached **** piety under Vehumet
 14599 | D:12     | Offered knowledge of Yara's Violent Unravelling by Vehumet.
 14870 | D:12     | Noticed a two-headed ogre
 14874 | D:12     | Killed a two-headed ogre
 14874 | D:12     | Reached skill level 11 in Earth Magic
 15481 | D:13     | Slain by a cyclops

Levels and vault maps discovered:
D:1:      ebering_trefoil_3fold, layout_basic, st_stairs_4
D:2:      layout_basic, first_ration, lemuel_statue_altar
D:3:      cheibrodos_old_hovel, layout_basic, gup_sewer_entry_bubbles,
          minmay_increasing_density
D:4:      layout_loops_ring, tgw_trog, grunt_temple_overflow_open, uniq_edmund,
          uniq_natasha
D:5:      layout_basic
D:6:      layout_gridville
D:7:      layout_gridville, grunt_dithmenos_shadows,
          minmay_temple_entry_slanted, uniq_duvessa
D:8:      layout_basic, yredelemnul_altar_generic
D:9:      layout_loops_cross, zin_academy, serial_shops, shop_statue,
          uniq_gastronok, uniq_grum, uniq_prince_ribbit1, uniq_erica
D:10:     layout_basic
D:11:     layout_rooms, minmay_lair_entry_grove, orc_0_dummy, uniq_erolcha
D:12:     layout_long_grid, uniq_psyche
D:13:     layout_stronghold, portal_ice_cave_entry_imps
Temple:   regret_index_temple_waves

Skill      XL: |  1  2  3  4  5  6  7  8  9 10 11 12 |
---------------+-------------------------------------+-----
Earth Magic    | 4 5 6 7 8 9 10 11 | 11.1
Spellcasting   | 3 4 5 6 7 8 |  8.4
Conjurations   | 2 4 5 6 7 8 9 |  9.4
Fighting       | 2 4 5 6 7 |  7.8
Armour         | 2 4 5 6 |  6.0
Maces & Flails | 2 3 5 6 7 |  7.2
Dodging        | 2 3 4 5 6 |  6.2
Evocations     | 2 3 |  3.9
Stealth        | |  2.1
Transmutations | |  0.7

Action                   |  1- 3 |  4- 6 |  7- 9 | 10-12 || total
-------------------------+-------+-------+-------+-------++-------
Melee: Unarmed           |    11 |       |       |       ||    11
       Short sword       |    44 |   104 |       |       ||   148
       Quarterstaff      |       |    24 |   188 |   136 ||   348
       Morningstar       |       |       |       |   145 ||   145
 Cast: Sandblast         |    12 |    27 |    97 |   188 ||   324
       Stone Arrow       |       |     2 |     9 |    15 ||    26
       Lee's Rapid Decon |       |       |     9 |    14 ||    23
Evoke: Wand              |       |       |     5 |    13 ||    18
  Use: Scroll            |     5 |     1 |     9 |    10 ||    25
       Potion            |       |       |       |    12 ||    12
 Stab: Sleeping          |     3 |     5 |     2 |     3 ||    13
  Eat: Chunk             |       |     6 |    16 |    22 ||    44
       Ration            |       |       |     1 |     2 ||     3
Armor: Robe              |    15 |    47 |    74 |   154 ||   290
Dodge: Dodged            |    29 |   137 |   142 |   275 ||   583
       Deflected         |       |       |     2 |    11 ||    13
Block: Other             |       |       |       |     1 ||     1

Table legend:
 A = Non-vault XP
 B = Vault XP
 C = Vault XP percentage of total XP
 D = Non-vault monster count
 E = Vault monster count
 F = Vault count percentage of total count
                 A         B        C        D         E       F
            +---------+---------+-------+---------+---------+-------
      Total |   20934 |    7993 |  27.6 |     245 |      78 |  24.1
            +---------+---------+-------+---------+---------+-------
        D:1 |      37 |       4 |   9.8 |      19 |       2 |   9.5
        D:2 |     176 |       0 |   0.0 |      15 |       0 |   0.0
        D:3 |      63 |      32 |  33.7 |      10 |      10 |  50.0
        D:4 |     581 |     202 |  25.8 |      24 |       7 |  22.6
        D:5 |     596 |       0 |   0.0 |      16 |       0 |   0.0
        D:6 |     430 |       0 |   0.0 |       6 |       0 |   0.0
        D:7 |    1826 |     332 |  15.4 |      27 |       3 |  10.0
        D:8 |     450 |       0 |   0.0 |      15 |       0 |   0.0
        D:9 |    1361 |    4004 |  74.6 |      14 |       7 |  33.3
       D:10 |    3250 |     254 |   7.2 |      37 |       2 |   5.1
       D:11 |    2334 |    2023 |  46.4 |      22 |      11 |  33.3
       D:12 |    8497 |     434 |   4.9 |      33 |       1 |   2.9
       D:13 |    1333 |       0 |   0.0 |       7 |       0 |   0.0
      Sewer |       0 |     708 | 100.0 |       0 |      35 | 100.0
            +---------+---------+-------+---------+---------+-------
